Devils vs Canucks
(R1)
Created - May 6, 2021 at 19:08
Goals
|
| Devils |
1 |
0 |
2 |
3 |
| Canucks |
2 |
1 |
2 |
5 |
|
Shots
|
| Devils |
6 |
11 |
13 |
30 |
| Canucks |
8 |
11 |
11 |
30 |
|
1st period
1. Canucks , Loui Eriksson 29 (Daniel Sedin 21, Robert Nilsson 62) at 1:12
2. Devils , Zach Parise 22 (Kristopher Letang 29, Chris Stewart 28) at 14:56 (PP)
3. Canucks , Rob Schremp 4 (Jeremy Morin 21, Jordin Tootoo 8) at 16:28
Penalties :
Michael Del Zotto (NJD) for High sticking (Minor) at 1:15, Ryane Clowe (Van) for High sticking (Minor) at 3:31, Thomas Hickey (NJD) for Cross-checking (Minor) at 6:31, Zach Parise (NJD) for Cross-checking (Minor) at 11:33, Kari Lehtonen (Van) for Slashing (Minor) at 13:46 - Brad Boyes served the penalty
2nd period
4. Canucks , Robert Nilsson 50 (Steve Eminger 19) at 0:08
Penalties :
Marian Gaborik (NJD) for High sticking (Minor) at 15:59
3rd period
5. Canucks , Loui Eriksson 30 (Robert Nilsson 63) at 10:53
6. Devils , Martin Samuelsson 8 (Anton Stralman 32, Kristopher Letang 30) at 11:47
7. Devils , Chris Stewart 18 (Jamie Arniel 24, Josh Gorges 16) at 16:48 (PP)
8. Canucks , Rob Schremp 5 (Ladislav Smid 22, Jeremy Morin 22) at 18:47 (PP)
Penalties :
Mike Komisarek (Van) for Interference (Minor) at 2:13, Michael Del Zotto (NJD) for Hooking (Minor) at 14:35, Loui Eriksson (Van) for Tripping (Minor) at 14:58, Nick Bonino (NJD) for Hooking (Minor) at 17:22, Kurtis Foster (Van) for Cross-checking (Minor) at 19:15
Goalie Stats
Maxime Daigneault (NJD), 25 saves from 30 shots - (0.833), L, 41-20-8, 60:00 minutes
Kari Lehtonen (Van), 27 saves from 30 shots - (0.900), W, 30-21-2, 60:00 minutes
Players Stats for Devils
Player Name G A P +/- PIM S H SB GA TA FO MP PP MP PK MP
------------------------------------------------------------------------------------
Anton Stralman 0 1 1 -1 0 1 0 4 1 1 0/0 28:46 3:29 5:40
Brad Richards 0 0 0 -1 0 1 2 0 2 1 4/8 13:47 0:16 0:58
Brad Richardson 0 0 0 0 0 0 0 0 1 0 0/0 5:22 0:00 0:06
Chris Stewart 1 1 2 0 0 2 0 0 1 0 0/1 15:58 2:58 0:00
Jamie Arniel 0 1 1 0 0 4 0 0 0 0 3/8 15:58 2:58 0:00
Josh Gorges 0 1 1 -2 0 0 2 1 0 0 0/0 21:26 2:37 4:04
Kristopher Letang 0 2 2 -1 0 1 1 0 0 0 0/0 29:24 3:29 5:40
Marian Gaborik 0 0 0 -2 2 6 2 0 3 0 7/11 24:58 2:49 4:40
Martin Samuelsson 1 0 1 -1 0 3 3 1 0 0 0/1 13:37 0:04 2:25
Matt Donovan 0 0 0 0 0 1 0 0 0 1 0/0 10:00 0:14 0:42
Michael Del Zotto 0 0 0 -2 4 0 0 0 0 1 0/0 19:15 2:27 3:06
Mike Weber 0 0 0 0 0 0 0 0 0 0 0/0 2:23 0:00 0:16
Nazem Kadri 0 0 0 -2 0 2 1 0 0 1 16/29 20:06 3:04 3:24
Nick Bonino 0 0 0 0 2 0 0 0 0 0 2/2 5:01 0:00 0:00
Patrick Kaleta 0 0 0 -1 0 4 1 1 0 0 0/0 12:14 0:15 0:00
Thomas Hickey 0 0 0 0 2 0 0 0 0 0 0/0 9:09 0:00 0:00
Tyler Ennis 0 0 0 -2 0 2 1 1 0 0 0/0 21:28 2:48 5:22
Zach Parise 1 0 1 0 2 3 1 0 0 0 1/1 19:42 3:02 2:33
Players Stats for Canucks
Player Name G A P +/- PIM S H SB GA TA FO MP PP MP PK MP
------------------------------------------------------------------------------------
Andy Rogers 0 0 0 -1 0 0 1 2 1 1 0/0 20:53 3:16 2:25
Brad Boyes 0 0 0 -1 0 3 1 0 0 0 1/1 13:27 0:09 0:00
Brooks Laich 0 0 0 0 0 1 2 0 0 0 0/1 5:29 0:00 0:06
Daniel Sedin 0 1 1 3 0 3 2 0 0 2 0/3 20:39 4:49 2:21
James Wright 0 0 0 -1 0 5 0 1 0 0 5/12 13:29 0:00 1:01
Jason Akeson 0 0 0 0 0 0 0 0 0 0 0/0 6:37 0:09 0:03
Jeremy Morin 0 2 2 1 0 4 2 0 0 0 0/1 17:34 4:48 0:07
Jonathan Blum 0 0 0 1 0 0 0 1 0 1 0/0 10:39 0:00 0:00
Jordin Tootoo 0 1 1 1 0 1 0 0 1 2 1/1 18:37 4:46 1:47
Kurtis Foster 0 0 0 -1 2 1 0 1 0 1 0/0 20:52 3:16 2:25
Ladislav Smid 0 1 1 2 0 2 1 2 0 0 0/0 26:53 6:28 3:41
Loui Eriksson 2 0 2 3 2 3 0 0 1 0 0/0 21:21 4:55 3:18
Mike Komisarek 0 0 0 1 2 0 0 1 0 0 0/0 10:38 0:00 0:00
Olli Maatta 0 0 0 1 0 0 0 0 0 0 0/0 1:35 0:00 0:00
Rob Schremp 2 0 2 1 0 3 3 0 0 0 6/11 16:50 4:46 0:00
Robert Nilsson 1 2 3 3 0 3 2 0 2 0 15/31 26:13 4:49 3:29
Ryane Clowe 0 0 0 -1 2 1 1 0 0 0 0/0 12:00 0:00 0:00
Steve Eminger 0 1 1 3 0 0 2 3 0 1 0/0 28:28 6:28 3:41
3 Stars
1 - Robert Nilsson (Van)
2 - Rob Schremp (Van)
3 - Loui Eriksson (Van)
Power Play
Devils - 2 on 5 Attempt(s) - 40.00%
Canucks - 1 on 6 Attempt(s) - 16.67%
Penalty Kill
Devils - 5 on 6 Attempt(s) - 83.33%
- Score 0 goal in Penalty Kill
Canucks - 3 on 5 Attempt(s) - 60.00%
- Score 0 goal in Penalty Kill
Team Stat
Devils - Hits : 14 - Faceoff Wins : 33 - Blocked Shots : 8 - Penalty Minutes : 12
Canucks - Hits : 17 - Faceoff Wins : 28 - Blocked Shots : 11 - Penalty Minutes : 10
Official
Referees : Unknown
Linesman : Unknown
Game Notes
7:12 of 2nd period - Canucks goal is going for a video replay. After video review, No Goal. The attacking player has interfered with a goalkeeper in his goal crease.
Finance
Level 1 -- Attendance: 6000 (100.00%) -- Ticket Income $498,000
Level 2 -- Attendance: 4790 (95.80%) -- Ticket Income $234,710
Level 3 -- Attendance: 2000 (100.00%) -- Ticket Income $68,000
Level 4 -- Attendance: 4000 (100.00%) -- Ticket Income $68,000
Luxury Box -- Attendance: 1000 (100.00%) -- Ticket Income $98,000
Game was played at the Budweiser Coliseum.
Total Attendance: 17790 (98.83%)
Total Ticket Income: $966,710
Other Income: $145,006
Total Income: $1,111,716
Devils
5 vs 5 Forward
Center Left Wing Right Wing Time % Phy DF OF
1 Nazem Kadri Tyler Ennis Marian Gaborik 40 1 2 2
2 Jamie Arniel Zach Parise Chris Stewart 30 1 2 2
3 Brad Richards Martin Samuelsson Patrick Kaleta 20 1 2 2
4 Nick Bonino Marian Gaborik Brad Richardson 10 1 2 2
5 vs 5 Defense
Defense Defense Time % Phy DF OF
1 Kristopher Letang Anton Stralman 40 1 2 2
2 Michael Del Zotto Josh Gorges 30 1 2 2
3 Thomas Hickey Matt Donovan 20 1 2 2
4 Mike Weber Kristopher Letang 10 1 2 2
PowerPlay Forward
Center Left Wing Right Wing Time % Phy DF OF
1 Nazem Kadri Tyler Ennis Marian Gaborik 60 1 2 2
2 Jamie Arniel Zach Parise Chris Stewart 40 1 2 2
PowerPlay Defense
Defense Defense Time % Phy DF OF
1 Kristopher Letang Anton Stralman 60 1 2 2
2 Michael Del Zotto Josh Gorges 40 1 2 2
Penalty Kill 4 Players Forward
Center Wing Time % Phy DF OF
1 Marian Gaborik Tyler Ennis 60 1 2 2
2 Nazem Kadri Zach Parise 40 1 2 2
Penalty Kill 4 Players Defense
Defense Defense Time % Phy DF OF
1 Kristopher Letang Anton Stralman 60 1 2 2
2 Michael Del Zotto Josh Gorges 40 1 2 2
Penalty Kill - 3 Players Forward
Forward Time % Phy DF OF
1 Marian Gaborik 60 1 2 2
2 Tyler Ennis 40 1 2 2
Penalty Kill - 3 Players Defense
Defense Defense Time % Phy DF OF
1 Kristopher Letang Anton Stralman 60 1 2 2
2 Michael Del Zotto Josh Gorges 40 1 2 2
4 vs 4 Forward
Center Wing Time % Phy DF OF
1 Marian Gaborik Tyler Ennis 60 1 2 2
2 Nazem Kadri Zach Parise 40 1 2 2
4 vs 4 Defense
Defense Defense Time % Phy DF OF
1 Kristopher Letang Anton Stralman 60 1 2 2
2 Michael Del Zotto Josh Gorges 40 1 2 2
Last Minutes Offensive
Center Left Wing Right Wing Defense Defense
Nazem Kadri Tyler Ennis Marian Gaborik Kristopher Letang Anton Stralman
Last Minutes Defensive
Center Left Wing Right Wing Defense Defense
Nazem Kadri Tyler Ennis Marian Gaborik Kristopher Letang Anton Stralman
Goaltenders
Starting : Maxime Daigneault
Backup : Thomas McCollum
Extra Forwards
Normal : Brad Richards, Patrick Kaleta, Martin Samuelsson - PP : Brad Richards, Patrick Kaleta - PK : Martin Samuelsson
Extra Defensemen
Normal : Thomas Hickey, Matt Donovan, Mike Weber - PP : Thomas Hickey - PK : Matt Donovan, Mike Weber
Penalty Shots
Marian Gaborik, Tyler Ennis, Nazem Kadri, Zach Parise, Jamie Arniel
Scratches
Eric Tangradi (Healthy)
Canucks
5 vs 5 Forward
Center Left Wing Right Wing Time % Phy DF OF
1 Robert Nilsson Daniel Sedin Loui Eriksson 40 1 2 2
2 Rob Schremp Jeremy Morin Jordin Tootoo 30 1 2 2
3 James Wright Ryane Clowe Brad Boyes 20 1 2 2
4 Brooks Laich Robert Nilsson Jason Akeson 10 1 2 2
5 vs 5 Defense
Defense Defense Time % Phy DF OF
1 Steve Eminger Ladislav Smid 40 1 2 2
2 Andy Rogers Kurtis Foster 30 1 2 2
3 Mike Komisarek Jonathan Blum 20 1 2 2
4 Olli Maatta Steve Eminger 10 1 2 2
PowerPlay Forward
Center Left Wing Right Wing Time % Phy DF OF
1 Robert Nilsson Daniel Sedin Loui Eriksson 60 1 2 2
2 Rob Schremp Jeremy Morin Jordin Tootoo 40 1 2 2
PowerPlay Defense
Defense Defense Time % Phy DF OF
1 Steve Eminger Ladislav Smid 60 1 2 2
2 Andy Rogers Kurtis Foster 40 1 2 2
Penalty Kill 4 Players Forward
Center Wing Time % Phy DF OF
1 Robert Nilsson Loui Eriksson 60 1 2 2
2 Jordin Tootoo Daniel Sedin 40 1 2 2
Penalty Kill 4 Players Defense
Defense Defense Time % Phy DF OF
1 Steve Eminger Ladislav Smid 60 1 2 2
2 Andy Rogers Kurtis Foster 40 1 2 2
Penalty Kill - 3 Players Forward
Forward Time % Phy DF OF
1 Robert Nilsson 60 1 2 2
2 Loui Eriksson 40 1 2 2
Penalty Kill - 3 Players Defense
Defense Defense Time % Phy DF OF
1 Steve Eminger Ladislav Smid 60 1 2 2
2 Andy Rogers Kurtis Foster 40 1 2 2
4 vs 4 Forward
Center Wing Time % Phy DF OF
1 Robert Nilsson Loui Eriksson 60 1 2 2
2 Jordin Tootoo Daniel Sedin 40 1 2 2
4 vs 4 Defense
Defense Defense Time % Phy DF OF
1 Steve Eminger Ladislav Smid 60 1 2 2
2 Andy Rogers Kurtis Foster 40 1 2 2
Last Minutes Offensive
Center Left Wing Right Wing Defense Defense
Robert Nilsson Daniel Sedin Loui Eriksson Steve Eminger Ladislav Smid
Last Minutes Defensive
Center Left Wing Right Wing Defense Defense
Robert Nilsson Daniel Sedin Loui Eriksson Steve Eminger Ladislav Smid
Goaltenders
Starting : Kari Lehtonen
Backup : Braden Holtby
Extra Forwards
Normal : Brad Boyes, Jason Akeson, James Wright - PP : Brad Boyes, Jason Akeson - PK : James Wright
Extra Defensemen
Normal : Mike Komisarek, Jonathan Blum, Olli Maatta - PP : Mike Komisarek - PK : Jonathan Blum, Olli Maatta
Penalty Shots
Robert Nilsson, Loui Eriksson, Jordin Tootoo, Daniel Sedin, Brad Boyes
Scratches
Cody Eakin (Healthy), Lane MacDermid (Healthy), Benn Ferriero (Healthy)
% Time on Ice - Devils
Lines # - Real PCT - Wanted PCT - Time Play
Normal Forward
1 - 31% - 40% - 13:06
2 - 32% - 30% - 13:34
3 - 26% - 20% - 10:52
4 - 12% - 10% - 5:02
Normal Defense
1 - 44% - 40% - 18:47
2 - 33% - 30% - 13:53
3 - 19% - 20% - 8:18
4 - 4% - 10% - 1:36
PP Forward
1 - 51% - 60% - 3:08
2 - 49% - 40% - 2:58
PP Defense
1 - 57% - 60% - 3:29
2 - 43% - 40% - 2:37
PK Forward
1 - 72% - 60% - 6:59
2 - 28% - 40% - 2:45
PK Defense
1 - 58% - 60% - 5:40
2 - 42% - 40% - 4:04
PK3 Forward
1 - 0% - 60%
2 - 0% - 40%
PK3 Defense
1 - 0% - 60%
2 - 0% - 40%
44 Forward
1 - 79% - 60% - 1:16
2 - 21% - 40% - 0:20
44 Defense
1 - 52% - 60% - 0:50
2 - 48% - 40% - 0:46
Last Minute Offensive - 0:00
Last Minute Defensive - 0:00
Total
Forward - 60:00
Defense - 60:00
|
% Time on Ice - Canucks
Lines # - Real PCT - Wanted PCT - Time Play
Normal Forward
1 - 32% - 40% - 13:36
2 - 29% - 30% - 12:11
3 - 27% - 20% - 11:33
4 - 12% - 10% - 5:14
Normal Defense
1 - 37% - 40% - 15:34
2 - 35% - 30% - 14:46
3 - 25% - 20% - 10:39
4 - 4% - 10% - 1:35
PP Forward
1 - 51% - 60% - 4:56
2 - 49% - 40% - 4:48
PP Defense
1 - 66% - 60% - 6:28
2 - 34% - 40% - 3:16
PK Forward
1 - 71% - 60% - 4:19
2 - 29% - 40% - 1:47
PK Defense
1 - 60% - 60% - 3:41
2 - 40% - 40% - 2:25
PK3 Forward
1 - 0% - 60%
2 - 0% - 40%
PK3 Defense
1 - 0% - 60%
2 - 0% - 40%
44 Forward
1 - 100% - 60% - 1:36
2 - 0% - 40% - 0:00
44 Defense
1 - 73% - 60% - 1:10
2 - 27% - 40% - 0:26
Last Minute Offensive - 0:00
Last Minute Defensive - 0:00
Total
Forward - 60:00
Defense - 60:00
|
Play-by-Play
1st period
0:01 of 1st period - Robert Nilsson wins face-off versus Nazem Kadri in neutral zone.
0:12 of 1st period - Ladislav Smid is hit by Nazem Kadri and loses puck.
1:10 of 1st period - Wrist shot by Daniel Sedin.
1:10 of 1st period - Shot Misses the Net.
1:12 of 1st period - Slapshot by Loui Eriksson.
1:12 of 1st period - Goal by Loui Eriksson - Devils : 0 - Canucks : 1.
1:13 of 1st period - Jamie Arniel wins face-off versus Rob Schremp in neutral zone.
1:15 of 1st period - Minor Penalty to Michael Del Zotto for High sticking.
1:16 of 1st period - Marian Gaborik wins face-off versus Rob Schremp in Devils zone.
2:45 of 1st period - Ladislav Smid is hit by Josh Gorges and loses puck.
3:15 of 1st period - Penalty to Michael Del Zotto is over, Michael Del Zotto is back on ice.
3:31 of 1st period - Minor Penalty to Ryane Clowe for High sticking.
3:32 of 1st period - Jamie Arniel wins face-off versus Robert Nilsson in Canucks zone.
5:31 of 1st period - Penalty to Ryane Clowe is over, Ryane Clowe is back on ice.
5:50 of 1st period - Snap shot by Marian Gaborik.
5:50 of 1st period - Stopped by Kari Lehtonen with a rebound.
5:52 of 1st period - Snap shot by Marian Gaborik.
5:52 of 1st period - Stopped by Kari Lehtonen with a rebound.
6:07 of 1st period - Robert Nilsson is hit by Patrick Kaleta.
6:13 of 1st period - Icing by Matt Donovan.
6:14 of 1st period - Rob Schremp wins face-off versus Brad Richards in Devils zone.
6:19 of 1st period - Wrist shot by Jordin Tootoo.
6:19 of 1st period - Stopped by Maxime Daigneault with a rebound.
6:21 of 1st period - Slapshot by Rob Schremp.
6:21 of 1st period - Shot Misses the Net.
6:23 of 1st period - Backhand shot by Rob Schremp.
6:23 of 1st period - Shot Misses the Net.
6:25 of 1st period - Snap shot by Jeremy Morin.
6:25 of 1st period - Stopped by Maxime Daigneault with a rebound.
6:31 of 1st period - Minor Penalty to Thomas Hickey for Cross-checking.
6:32 of 1st period - Marian Gaborik wins face-off versus Robert Nilsson in Devils zone.
6:45 of 1st period - Slapshot by Loui Eriksson.
6:45 of 1st period - Stopped by Maxime Daigneault without a rebound.
6:46 of 1st period - Robert Nilsson wins face-off versus Marian Gaborik in Devils zone.
7:37 of 1st period - Zach Parise is hit by Daniel Sedin and loses puck.
8:08 of 1st period - Michael Del Zotto is hit by Rob Schremp and loses puck.
8:31 of 1st period - Penalty to Thomas Hickey is over, Thomas Hickey is back on ice.
10:39 of 1st period - Wrist shot by Chris Stewart.
10:39 of 1st period - Shot Blocked by Andy Rogers.
11:00 of 1st period - Off-side.
11:01 of 1st period - Nazem Kadri wins face-off versus James Wright in neutral zone.
11:22 of 1st period - Robert Nilsson is hit by Zach Parise and loses puck.
11:33 of 1st period - Minor Penalty to Zach Parise for Cross-checking.
11:34 of 1st period - Marian Gaborik wins face-off versus Robert Nilsson in Devils zone.
13:33 of 1st period - Penalty to Zach Parise is over, Zach Parise is back on ice.
13:46 of 1st period - Snap shot by Brad Richards.
13:46 of 1st period - Stopped by Kari Lehtonen without a rebound.
13:46 of 1st period - Minor Penalty to Kari Lehtonen for Slashing.
13:47 of 1st period - Nazem Kadri wins face-off versus Robert Nilsson in Canucks zone.
13:54 of 1st period - Backhand shot by Tyler Ennis.
13:54 of 1st period - Stopped by Kari Lehtonen with a rebound.
14:04 of 1st period - Snap shot by Nazem Kadri.
14:04 of 1st period - Shot Misses the Net.
14:14 of 1st period - Jamie Arniel is hit by Daniel Sedin and loses puck.
14:19 of 1st period - Wrist shot by Daniel Sedin.
14:19 of 1st period - Deflect By Jordin Tootoo.
14:19 of 1st period - Shot Misses the Net.
14:19 of 1st period - Puck is out of play.
14:20 of 1st period - Jordin Tootoo wins face-off versus Nazem Kadri in Devils zone.
14:31 of 1st period - Slapshot by Kristopher Letang.
14:31 of 1st period - Shot Misses the Net.
14:54 of 1st period - Slapshot by Kristopher Letang.
14:54 of 1st period - Shot Blocked by Ladislav Smid.
14:56 of 1st period - Snap shot by Zach Parise.
14:56 of 1st period - Goal by Zach Parise - Devils : 1 - Canucks : 1.
14:57 of 1st period - Rob Schremp wins face-off versus Nazem Kadri in neutral zone.
15:33 of 1st period - Slapshot by Robert Nilsson.
15:33 of 1st period - Shot Blocked by Anton Stralman.
15:49 of 1st period - Kristopher Letang is hit by Ryane Clowe and loses puck.
16:28 of 1st period - Snap shot by Rob Schremp.
16:28 of 1st period - Goal by Rob Schremp - Devils : 1 - Canucks : 2.
16:29 of 1st period - Nazem Kadri wins face-off versus Robert Nilsson in neutral zone.
16:56 of 1st period - Chris Stewart is hit by Rob Schremp and loses puck.
17:42 of 1st period - Slapshot by James Wright.
17:42 of 1st period - Shot Misses the Net.
17:45 of 1st period - Icing by Thomas Hickey.
17:46 of 1st period - Nazem Kadri wins face-off versus Daniel Sedin in Devils zone.
17:54 of 1st period - Icing by Ladislav Smid.
17:55 of 1st period - Nazem Kadri wins face-off versus Robert Nilsson in Canucks zone.
18:32 of 1st period - Slapshot by Jordin Tootoo.
18:32 of 1st period - Shot Misses the Net.
18:34 of 1st period - Slapshot by Jeremy Morin.
18:34 of 1st period - Stopped by Maxime Daigneault with a rebound.
18:50 of 1st period - Slapshot by James Wright.
18:50 of 1st period - Stopped by Maxime Daigneault with a rebound.
19:06 of 1st period - Snap shot by Robert Nilsson.
19:06 of 1st period - Stopped by Maxime Daigneault with a rebound.
19:38 of 1st period - Slapshot by Michael Del Zotto.
19:38 of 1st period - Deflect By Martin Samuelsson.
19:38 of 1st period - Shot Misses the Net.
19:38 of 1st period - Puck is out of play.
19:39 of 1st period - Robert Nilsson wins face-off versus Brad Richards in Canucks zone.
19:46 of 1st period - Wrist shot by Brad Richards.
19:46 of 1st period - Shot Misses the Net.
19:48 of 1st period - Snap shot by Patrick Kaleta.
19:48 of 1st period - Shot Misses the Net.
19:50 of 1st period - Wrist shot by Patrick Kaleta.
19:50 of 1st period - Stopped by Kari Lehtonen without a rebound.
19:51 of 1st period - Rob Schremp wins face-off versus Nazem Kadri in Canucks zone.
Goals for this period are 1 for Devils vs 2 for Canucks.
Shots for this period are 6 for Devils vs 8 for Canucks.
2nd period
0:01 of 2nd period - Robert Nilsson wins face-off versus Nazem Kadri in neutral zone.
0:08 of 2nd period - Slapshot by Robert Nilsson.
0:08 of 2nd period - Goal by Robert Nilsson - Devils : 1 - Canucks : 3.
0:09 of 2nd period - Robert Nilsson wins face-off versus Nazem Kadri in neutral zone.
0:24 of 2nd period - Slapshot by Robert Nilsson.
0:24 of 2nd period - Shot Blocked by Tyler Ennis.
1:07 of 2nd period - Wrist shot by James Wright.
1:07 of 2nd period - Shot Misses the Net.
2:12 of 2nd period - Off-side.
2:13 of 2nd period - Brad Richards wins face-off versus James Wright in neutral zone.
2:25 of 2nd period - Snap shot by Martin Samuelsson.
2:25 of 2nd period - Stopped by Kari Lehtonen with a rebound.
2:41 of 2nd period - Slapshot by Zach Parise.
2:41 of 2nd period - Stopped by Kari Lehtonen with a rebound.
2:43 of 2nd period - Wrist shot by Zach Parise.
2:43 of 2nd period - Shot Misses the Net.
2:45 of 2nd period - Snap shot by Jamie Arniel.
2:45 of 2nd period - Stopped by Kari Lehtonen without a rebound.
2:46 of 2nd period - Nazem Kadri wins face-off versus Robert Nilsson in Canucks zone.
2:49 of 2nd period - Slapshot by Nazem Kadri.
2:49 of 2nd period - Stopped by Kari Lehtonen without a rebound.
2:50 of 2nd period - Robert Nilsson wins face-off versus Nazem Kadri in Canucks zone.
3:04 of 2nd period - Snap shot by Marian Gaborik.
3:04 of 2nd period - Shot Misses the Net.
3:06 of 2nd period - Snap shot by Tyler Ennis.
3:06 of 2nd period - Shot Blocked by Kurtis Foster.
3:40 of 2nd period - Andy Rogers is hit by Brad Richards and loses puck.
4:55 of 2nd period - Off-side.
4:56 of 2nd period - James Wright wins face-off versus Jamie Arniel in neutral zone.
5:01 of 2nd period - Snap shot by Brad Boyes.
5:01 of 2nd period - Shot Misses the Net.
5:03 of 2nd period - Snap shot by James Wright.
5:03 of 2nd period - Stopped by Maxime Daigneault with a rebound.
5:21 of 2nd period - Robert Nilsson is hit by Marian Gaborik and loses puck.
5:28 of 2nd period - Snap shot by Marian Gaborik.
5:28 of 2nd period - Stopped by Kari Lehtonen with a rebound.
5:30 of 2nd period - Slapshot by Anton Stralman.
5:30 of 2nd period - Shot Blocked by Jonathan Blum.
5:32 of 2nd period - Snap shot by Marian Gaborik.
5:32 of 2nd period - Shot Blocked by Mike Komisarek.
5:34 of 2nd period - Slapshot by Kristopher Letang.
5:34 of 2nd period - Deflect By Loui Eriksson.
5:34 of 2nd period - Stopped by Kari Lehtonen without a rebound.
5:35 of 2nd period - Rob Schremp wins face-off versus Jamie Arniel in Canucks zone.
5:49 of 2nd period - Icing by Kristopher Letang.
5:50 of 2nd period - Robert Nilsson wins face-off versus Jamie Arniel in Devils zone.
5:53 of 2nd period - Wrist shot by Robert Nilsson.
5:53 of 2nd period - Stopped by Maxime Daigneault without a rebound.
5:54 of 2nd period - Nazem Kadri wins face-off versus Robert Nilsson in Devils zone.
5:59 of 2nd period - Snap shot by Robert Nilsson.
5:59 of 2nd period - Deflect By Daniel Sedin.
5:59 of 2nd period - Stopped by Maxime Daigneault with a rebound.
6:01 of 2nd period - Slapshot by Steve Eminger.
6:01 of 2nd period - Shot Blocked by Anton Stralman.
6:11 of 2nd period - Backhand shot by Ladislav Smid.
6:11 of 2nd period - Stopped by Maxime Daigneault with a rebound.
6:25 of 2nd period - Snap shot by Zach Parise.
6:25 of 2nd period - Stopped by Kari Lehtonen without a rebound.
6:26 of 2nd period - Jamie Arniel wins face-off versus Rob Schremp in Canucks zone.
7:10 of 2nd period - Wrist shot by Jordin Tootoo.
7:10 of 2nd period - Deflect By Jeremy Morin.
7:10 of 2nd period - Stopped by Maxime Daigneault with a rebound.
7:12 of 2nd period - Snap shot by Jeremy Morin.
7:12 of 2nd period - Canucks goal is going for a video replay.
7:12 of 2nd period - The goal is refused. The attacking player has interfered with a goalkeeper in his goal crease..
7:13 of 2nd period - Nazem Kadri wins face-off versus Robert Nilsson in Devils zone.
8:04 of 2nd period - Snap shot by Brad Boyes.
8:04 of 2nd period - Stopped by Maxime Daigneault without a rebound.
8:05 of 2nd period - Nick Bonino wins face-off versus James Wright in Devils zone.
8:12 of 2nd period - Wrist shot by Brad Richardson.
8:12 of 2nd period - Shot Misses the Net.
8:14 of 2nd period - Slapshot by Marian Gaborik.
8:14 of 2nd period - Stopped by Kari Lehtonen with a rebound.
8:16 of 2nd period - Snap shot by Brad Richardson.
8:16 of 2nd period - Shot Blocked by James Wright.
8:36 of 2nd period - Snap shot by Jeremy Morin.
8:36 of 2nd period - Shot Misses the Net.
9:13 of 2nd period - Slapshot by Nazem Kadri.
9:13 of 2nd period - Stopped by Kari Lehtonen without a rebound.
9:14 of 2nd period - Nazem Kadri wins face-off versus Jeremy Morin in Canucks zone.
9:23 of 2nd period - Snap shot by Tyler Ennis.
9:23 of 2nd period - Shot Blocked by Steve Eminger.
9:29 of 2nd period - Slapshot by Marian Gaborik.
9:29 of 2nd period - Stopped by Kari Lehtonen with a rebound.
9:53 of 2nd period - Snap shot by Zach Parise.
9:53 of 2nd period - Shot Misses the Net.
9:55 of 2nd period - Snap shot by Chris Stewart.
9:55 of 2nd period - Shot Blocked by Steve Eminger.
9:57 of 2nd period - Wrist shot by Zach Parise.
9:57 of 2nd period - Shot Misses the Net.
10:47 of 2nd period - Jamie Arniel is hit by Brooks Laich and loses puck.
10:54 of 2nd period - Snap shot by Jason Akeson.
10:54 of 2nd period - Deflect By Robert Nilsson.
10:54 of 2nd period - Shot Misses the Net.
10:54 of 2nd period - Puck is out of play.
10:55 of 2nd period - Nazem Kadri wins face-off versus James Wright in Devils zone.
11:00 of 2nd period - Snap shot by Marian Gaborik.
11:00 of 2nd period - Stopped by Kari Lehtonen without a rebound.
11:01 of 2nd period - James Wright wins face-off versus Nazem Kadri in Canucks zone.
11:28 of 2nd period - Marian Gaborik is hit by Jeremy Morin and loses puck.
11:33 of 2nd period - Snap shot by Rob Schremp.
11:33 of 2nd period - Shot Misses the Net.
11:35 of 2nd period - Wrist shot by Jeremy Morin.
11:35 of 2nd period - Shot Blocked by Anton Stralman.
11:37 of 2nd period - Slapshot by Jordin Tootoo.
11:37 of 2nd period - Shot Misses the Net.
11:53 of 2nd period - Snap shot by Zach Parise.
11:53 of 2nd period - Shot Misses the Net.
12:03 of 2nd period - Chris Stewart is hit by Robert Nilsson and loses puck.
12:16 of 2nd period - Brad Boyes is hit by Martin Samuelsson and loses puck.
12:51 of 2nd period - Michael Del Zotto is hit by Brooks Laich.
13:19 of 2nd period - Snap shot by James Wright.
13:19 of 2nd period - Stopped by Maxime Daigneault with a rebound.
13:21 of 2nd period - Wrist shot by James Wright.
13:21 of 2nd period - Stopped by Maxime Daigneault with a rebound.
14:30 of 2nd period - Mike Weber is hit by Ladislav Smid and loses puck.
14:41 of 2nd period - Jeremy Morin is hit by Josh Gorges.
14:55 of 2nd period - Backhand shot by Daniel Sedin.
14:55 of 2nd period - Stopped by Maxime Daigneault without a rebound.
14:56 of 2nd period - Brad Boyes wins face-off versus Jamie Arniel in Devils zone.
15:30 of 2nd period - Slapshot by Andy Rogers.
15:30 of 2nd period - Shot Misses the Net.
15:39 of 2nd period - Off-side.
15:40 of 2nd period - Nick Bonino wins face-off versus Brooks Laich in neutral zone.
15:59 of 2nd period - Minor Penalty to Marian Gaborik for High sticking.
16:00 of 2nd period - Robert Nilsson wins face-off versus Martin Samuelsson in Devils zone.
17:59 of 2nd period - Penalty to Marian Gaborik is over, Marian Gaborik is back on ice.
18:12 of 2nd period - Snap shot by James Wright.
18:12 of 2nd period - Shot Blocked by Josh Gorges.
Goals for this period are 0 for Devils vs 1 for Canucks.
Shots for this period are 11 for Devils vs 11 for Canucks.
3rd period
0:01 of 3rd period - Nazem Kadri wins face-off versus Robert Nilsson in neutral zone.
0:01 of 3rd period - Nazem Kadri is hit by Steve Eminger.
0:09 of 3rd period - Snap shot by Daniel Sedin.
0:09 of 3rd period - Stopped by Maxime Daigneault with a rebound.
0:32 of 3rd period - Andy Rogers is hit by Martin Samuelsson and loses puck.
0:39 of 3rd period - Snap shot by Patrick Kaleta.
0:39 of 3rd period - Stopped by Kari Lehtonen without a rebound.
0:40 of 3rd period - Rob Schremp wins face-off versus Nazem Kadri in Canucks zone.
1:48 of 3rd period - Snap shot by Chris Stewart.
1:48 of 3rd period - Stopped by Kari Lehtonen with a rebound.
1:50 of 3rd period - Slapshot by Josh Gorges.
1:50 of 3rd period - Shot Blocked by Ladislav Smid.
1:52 of 3rd period - Wrist shot by Zach Parise.
1:52 of 3rd period - Shot Blocked by Steve Eminger.
1:56 of 3rd period - Wrist shot by Jamie Arniel.
1:56 of 3rd period - Stopped by Kari Lehtonen without a rebound.
1:57 of 3rd period - Nazem Kadri wins face-off versus Robert Nilsson in Canucks zone.
2:06 of 3rd period - Snap shot by Nazem Kadri.
2:06 of 3rd period - Shot Misses the Net.
2:08 of 3rd period - Wrist shot by Marian Gaborik.
2:08 of 3rd period - Shot Misses the Net.
2:13 of 3rd period - Minor Penalty to Mike Komisarek for Interference.
2:14 of 3rd period - Robert Nilsson wins face-off versus Nazem Kadri in Canucks zone.
3:28 of 3rd period - Icing by Nazem Kadri.
3:29 of 3rd period - Robert Nilsson wins face-off versus Nazem Kadri in Devils zone.
4:13 of 3rd period - Penalty to Mike Komisarek is over, Mike Komisarek is back on ice.
5:21 of 3rd period - Jeremy Morin is hit by Marian Gaborik and loses puck.
5:49 of 3rd period - Daniel Sedin is hit by Tyler Ennis.
6:33 of 3rd period - Snap shot by Brad Boyes.
6:33 of 3rd period - Stopped by Maxime Daigneault with a rebound.
6:35 of 3rd period - Slapshot by Brad Boyes.
6:35 of 3rd period - Shot Blocked by Patrick Kaleta.
6:37 of 3rd period - Wrist shot by Jason Akeson.
6:37 of 3rd period - Deflect By Brooks Laich.
6:37 of 3rd period - Stopped by Maxime Daigneault with a rebound.
6:39 of 3rd period - Snap shot by Brooks Laich.
6:39 of 3rd period - Shot Misses the Net.
7:02 of 3rd period - Off-side.
7:03 of 3rd period - Zach Parise wins face-off versus Rob Schremp in neutral zone.
7:13 of 3rd period - Wrist shot by Jeremy Morin.
7:13 of 3rd period - Shot Misses the Net.
7:15 of 3rd period - Snap shot by Rob Schremp.
7:15 of 3rd period - Stopped by Maxime Daigneault with a rebound.
7:27 of 3rd period - Nazem Kadri is hit by Steve Eminger and loses puck.
7:34 of 3rd period - Snap shot by Loui Eriksson.
7:34 of 3rd period - Shot Blocked by Anton Stralman.
7:48 of 3rd period - Martin Samuelsson is hit by Brad Boyes and loses puck.
8:04 of 3rd period - Snap shot by Jeremy Morin.
8:04 of 3rd period - Shot Misses the Net.
8:14 of 3rd period - Zach Parise is hit by Robert Nilsson and loses puck.
8:41 of 3rd period - Martin Samuelsson is hit by Rob Schremp and loses puck.
9:26 of 3rd period - Snap shot by Brad Boyes.
9:26 of 3rd period - Shot Misses the Net.
9:49 of 3rd period - Off-side.
9:50 of 3rd period - Nazem Kadri wins face-off versus Robert Nilsson in neutral zone.
10:30 of 3rd period - Snap shot by Jamie Arniel.
10:30 of 3rd period - Stopped by Kari Lehtonen with a rebound.
10:32 of 3rd period - Slapshot by Matt Donovan.
10:32 of 3rd period - Stopped by Kari Lehtonen without a rebound.
10:33 of 3rd period - James Wright wins face-off versus Chris Stewart in Canucks zone.
10:33 of 3rd period - James Wright is hit by Kristopher Letang.
10:43 of 3rd period - Wrist shot by Ryane Clowe.
10:43 of 3rd period - Stopped by Maxime Daigneault with a rebound.
10:45 of 3rd period - Slapshot by Kurtis Foster.
10:45 of 3rd period - Stopped by Maxime Daigneault with a rebound.
10:49 of 3rd period - Wrist shot by Brad Boyes.
10:49 of 3rd period - Stopped by Maxime Daigneault without a rebound.
10:50 of 3rd period - Robert Nilsson wins face-off versus Brad Richards in Devils zone.
10:53 of 3rd period - Snap shot by Loui Eriksson.
10:53 of 3rd period - Goal by Loui Eriksson - Devils : 1 - Canucks : 4.
10:54 of 3rd period - Nazem Kadri wins face-off versus Robert Nilsson in neutral zone.
11:45 of 3rd period - Slapshot by Anton Stralman.
11:45 of 3rd period - Stopped by Kari Lehtonen with a rebound.
11:47 of 3rd period - Snap shot by Martin Samuelsson.
11:47 of 3rd period - Goal by Martin Samuelsson - Devils : 2 - Canucks : 4.
11:48 of 3rd period - Nazem Kadri wins face-off versus Robert Nilsson in neutral zone.
12:14 of 3rd period - Steve Eminger is hit by Martin Samuelsson and loses puck.
12:29 of 3rd period - Snap shot by Ladislav Smid.
12:29 of 3rd period - Shot Blocked by Martin Samuelsson.
12:35 of 3rd period - Snap shot by Loui Eriksson.
12:35 of 3rd period - Shot Misses the Net.
12:49 of 3rd period - Slapshot by Jamie Arniel.
12:49 of 3rd period - Stopped by Kari Lehtonen without a rebound.
12:50 of 3rd period - Rob Schremp wins face-off versus Nazem Kadri in Canucks zone.
12:52 of 3rd period - Icing by Kurtis Foster.
12:53 of 3rd period - Marian Gaborik wins face-off versus Rob Schremp in Canucks zone.
12:54 of 3rd period - Snap shot by Nazem Kadri.
12:54 of 3rd period - Shot Misses the Net.
13:06 of 3rd period - Josh Gorges is hit by Jeremy Morin and loses puck.
13:23 of 3rd period - Slapshot by James Wright.
13:23 of 3rd period - Stopped by Maxime Daigneault without a rebound.
13:24 of 3rd period - James Wright wins face-off versus Jamie Arniel in Devils zone.
14:01 of 3rd period - Slapshot by Patrick Kaleta.
14:01 of 3rd period - Stopped by Kari Lehtonen without a rebound.
14:02 of 3rd period - Nazem Kadri wins face-off versus Robert Nilsson in Canucks zone.
14:35 of 3rd period - Minor Penalty to Michael Del Zotto for Hooking.
14:36 of 3rd period - Marian Gaborik wins face-off versus Daniel Sedin in Devils zone.
14:43 of 3rd period - Icing by Robert Nilsson.
14:44 of 3rd period - Robert Nilsson wins face-off versus Marian Gaborik in Canucks zone.
14:55 of 3rd period - Snap shot by Tyler Ennis.
14:55 of 3rd period - Stopped by Kari Lehtonen without a rebound.
14:56 of 3rd period - Robert Nilsson wins face-off versus Marian Gaborik in Canucks zone.
14:58 of 3rd period - Minor Penalty to Loui Eriksson for Tripping.
14:59 of 3rd period - Marian Gaborik wins face-off versus Robert Nilsson in Canucks zone.
15:53 of 3rd period - Nazem Kadri is hit by Andy Rogers and loses puck.
16:25 of 3rd period - Daniel Sedin is hit by Brad Richards and loses puck.
16:35 of 3rd period - Penalty to Michael Del Zotto is over, Michael Del Zotto is back on ice.
16:46 of 3rd period - Slapshot by Josh Gorges.
16:46 of 3rd period - Shot Blocked by Andy Rogers.
16:48 of 3rd period - Wrist shot by Jamie Arniel.
16:48 of 3rd period - Deflect By Chris Stewart.
16:48 of 3rd period - Goal by Chris Stewart - Devils : 3 - Canucks : 4.
16:49 of 3rd period - Brad Richards wins face-off versus James Wright in neutral zone.
16:51 of 3rd period - Off-side.
16:52 of 3rd period - James Wright wins face-off versus Brad Richards in neutral zone.
17:03 of 3rd period - Slapshot by James Wright.
17:03 of 3rd period - Shot Misses the Net.
17:22 of 3rd period - Minor Penalty to Nick Bonino for Hooking.
17:23 of 3rd period - Robert Nilsson wins face-off versus Marian Gaborik in Devils zone.
17:23 of 3rd period - Snap shot by Daniel Sedin.
17:23 of 3rd period - Deflect By Tyler Ennis.
17:23 of 3rd period - Shot Misses the Net.
17:23 of 3rd period - Puck is out of play.
17:24 of 3rd period - Marian Gaborik wins face-off versus Daniel Sedin in Devils zone.
18:43 of 3rd period - Slapshot by Ladislav Smid.
18:43 of 3rd period - Shot Misses the Net.
18:45 of 3rd period - Snap shot by Ladislav Smid.
18:45 of 3rd period - Stopped by Maxime Daigneault with a rebound.
18:47 of 3rd period - Snap shot by Rob Schremp.
18:47 of 3rd period - Goal by Rob Schremp - Devils : 3 - Canucks : 5.
18:48 of 3rd period - Brad Richards wins face-off versus James Wright in neutral zone.
18:53 of 3rd period - Wrist shot by Martin Samuelsson.
18:53 of 3rd period - Stopped by Kari Lehtonen without a rebound.
18:54 of 3rd period - Brad Richards wins face-off versus James Wright in Canucks zone.
19:07 of 3rd period - Wrist shot by Brad Richards.
19:07 of 3rd period - Shot Hit the Post.
19:09 of 3rd period - Snap shot by Brad Richards.
19:09 of 3rd period - Deflect By Patrick Kaleta.
19:09 of 3rd period - Stopped by Kari Lehtonen with a rebound.
19:15 of 3rd period - Minor Penalty to Kurtis Foster for Cross-checking.
19:16 of 3rd period - Robert Nilsson wins face-off versus Nazem Kadri in Canucks zone.
Goals for this period are 2 for Devils vs 2 for Canucks.
Shots for this period are 13 for Devils vs 11 for Canucks.